 Dungeon Crawl Stone Soup version 0.12.2-13-gffed442 (webtiles) character file.

168 Rycklaryybbe the Changer (level 4, -10/28 HPs)
             Began as a Sludge Elf Transmuter on July 27, 2013.
             Mangled by an ice beast (12 damage)
             ... on Level 3 of the Dungeon.
             The game lasted 00:06:34 (2361 turns).

Rycklaryybbe the Changer (Sludge Elf Transmuter)    Turns: 2361, Time: 00:06:34

HP -10/28        AC  2     Str  9 (10) XL: 4   Next: 37%
MP   4/7         EV 20     Int 15      God:
Gold 89          SH  0     Dex 20      Spells:  2 memorised,  3 levels left

Res.Fire  : . . .   See Invis. : .     - Unarmed
Res.Cold  : . . .   Warding    : .   m - melded +0 robe
Life Prot.: . . .   Conserve   : .   (shield currently unavailable)
Res.Poison: x       Res.Corr.  : .   (helmet currently unavailable)
Res.Elec. : .       Clarity    : .   (cloak currently unavailable)
Sust.Abil.: . .     Spirit.Shd : .   (gloves currently unavailable)
Res.Mut.  : .       Stasis     : .   (boots currently unavailable)
Res.Rott. : .       Ctrl.Telep.: .   (no amulet)
Saprovore : . . .   Flight     : .   (no ring)
                                     (no ring)

@: spider-form, quick, slightly resistant to hostile enchantments, fairly
stealthy
A: no striking features
a: End Transformation


You were on level 3 of the Dungeon.
You were very hungry.
You were in spider-form.
You visited 1 branch of the dungeon, and saw 3 of its levels.

You collected 69 gold pieces.

Inventory:

Missiles
 b - 12 arrows
Armour
 c - a +0 elven robe
 h - a +0 elven robe
 m - a +0 robe (melded)
Comestibles
 a - 3 bread rations
 f - a choko
Scrolls
 e - 3 scrolls of remove curse {unknown}
 i - 2 scrolls of identify {unknown}
 l - a scroll of recharging {unknown}
 n - a scroll of enchant weapon II {unknown}
Potions
 j - a potion of poison {unknown}
Books
 d - a book of Changes

   Spells                             Type                      Level
   *Beastly Appendage                 Transmutation                1
   Sticks to Snakes                   Transmutation                2
   *Spider Form                       Transmutation/Poison         3
   Ice Form                           Ice/Transmutation            4
   Blade Hands                        Transmutation                5


   Skills:
 - Level 1.1 Fighting
 - Level 2.4 Dodging
 + Level 4.1 Unarmed Combat
 - Level 2.4 Spellcasting
 - Level 5.1 Transmutations


You had 3 spell levels left.
You knew the following spells:

 Your Spells              Type           Power        Failure   Level  Hunger
a - Beastly Appendage     Trmt           ####...      10%         1    #......
b - Spider Form           Trmt/Pois      ##........   45%         3    ####...


Dungeon Overview and Level Annotations

Branches:
Dungeon (3/27)

Altars:
Sif Muna

Annotations
D:2 Ijyb


Message History

The ice beast is severely wounded.
The ice beast barely misses you.
You barely miss the ice beast. Your kick misses the ice beast.
The ice beast is severely wounded.
The ice beast hits you. The ice beast freezes you.
Casting: Beastly Appendage
Confirm with . or Enter, or press ? or * to list all spells.
Your talons disappear.
You turn into a venomous arachnid creature.
Your +0 robe melds into your body.
The ice beast misses you. The ice beast hits you. The ice beast freezes you!
* * * LOW HITPOINT WARNING * * *
You are too injured to fight recklessly!
You are too injured to fight recklessly!
You hit the ice beast.
The ice beast is almost dead.
The ice beast hits you.
* * * LOW HITPOINT WARNING * * *
The ice beast freezes you!
You die...

## ..
#.. #..
#..#
#...
#...###
#..wIs#
#..####
#( #


You could see a worm and an ice beast.

Vanquished Creatures
  5 adders (D:2)
  An ooze (D:2)
  An orc (D:3)
  A ball python (D:1)
  8 hobgoblins
  3 kobolds (D:1)
  A quokka (D:2)
  5 bats
  2 goblins (D:1)
  5 rats
32 creatures vanquished.

Notes
Turn   | Place    | Note
--------------------------------------------------------------
     0 | D:1      | Rycklaryybbe, the Sludge Elf Transmuter, began the quest for the Orb.
     0 | D:1      | Reached XP level 1. HP: 13/13 MP: 1/1
   409 | D:1      | Reached XP level 2. HP: 18/18 MP: 4/4
   701 | D:1      | Reached skill level 4 in Transmutations
  1271 | D:2      | Reached XP level 3. HP: 17/23 MP: 5/5
  1356 | D:2      | Reached skill level 5 in Transmutations
  1515 | D:2      | Learned a level 3 spell: Spider Form
  1560 | D:2      | Found a deep blue altar of Sif Muna.
  1649 | D:2      | Noticed Ijyb
  1814 | D:2      | Reached XP level 4. HP: 14/28 MP: 5/7
  2346 | D:3      | Noticed an ice beast
  2361 | D:3      | Mangled by an ice beast

Action                   |  1- 3 |  4- 6 || total
-------------------------+-------+-------++-------
Melee: Unarmed           |   109 |    34 ||   143
 Cast: Beastly Appendage |    11 |     2 ||    13
       Spider Form       |       |     2 ||     2
  Use: Potion            |     2 |       ||     2
 Stab: Sleeping          |     1 |       ||     1
